 Seeded DCSS version 0.30-a0-743-gbfdf073431 (webtiles) character file.

Game seed: 8569270324503026532 (custom seed)

2 a11behringer the Trooper (level 1, -3/20 HPs)
             Began as a Djinni Cinder Acolyte on Feb 8, 2023.
             Was a High Priest of Ignis.
             Slain by a kobold
             ... wielding a +0 whip
              (5 damage)
             ... on level 1 of the Dungeon.
             The game lasted 00:00:34 (32 turns).

a11behringer the Trooper (Djinni Cinder Acolyte)      Turns: 32, Time: 00:00:35

Health: -3/20      AC:  2    Str: 13    XL:     1   Next: 44%
Gold:   0          EV: 11    Int: 15    God:    Ignis [*****.] SH:  0 Dex:  8

rFire   + + +      SeeInvis .    a - -1 falchion (flame)
rCold   x . .      Faith    .    (no shield)
rNeg    . . .      Spirit   .    b - +0 robe
rPois   ∞          Reflect  .    (no helmet)
rElec   .          Harm     .    (no cloak)
rCorr   .          Rampage  .    (no gloves)
Will    .....                    (boots unavailable)
Stlth   +                        (no amulet)
HPRegen 0.23/turn                (no ring)
MPRegen 0.00/turn                (no ring)

@: flying
A: sickness immunity, fire resistance 2, cold vulnerability 1, float, innate
caster, HP casting, extra vitality 1
a: Renounce Religion, Fiery Armour, Foxfire Swarm, Rising Flame


You were on level 1 of the Dungeon.
You worshipped Ignis.
Ignis was extremely pleased with you.
You visited 1 branch of the dungeon, and saw 1 of its levels.

Inventory:

Hand Weapons
 a - a -1 falchion of flaming (weapon)
Armour
 b - a +0 robe (worn)


   Skills:
 + Level 3.0 Fighting
 * Level 2.7 Long Blades
 + Level 0.1 Dodging
 * Level 2.4 Spellcasting


You had 2 spell levels left.
You knew the following spells:

 Your Spells              Type           Power      Damage    Failure   Level
a - Scorch                Fire           18%        2d6       12%         2
Your spell library was empty.

Dungeon Overview and Level Annotations

Branches:
Dungeon (1/15)

Altars:


Innate Abilities, Weirdness & Mutations

You are immune to sickness and miasma.
You are immune to poison.
Your flesh is very heat resistant. (rF++)
You are vulnerable to cold. (rC-)
You float through the air rather than walking.
You learn spells naturally, not from books.
Your magical power is your life essence.
You have superior vitality. (+4 MHP)


Message History

Found a stone staircase leading down.
You hit the dart slug. You burn the dart slug.
The dart slug is severely wounded.
The dart slug bites you.
You hit the dart slug. You burn the dart slug.
You kill the dart slug!
You closely miss the kobold.
A kobold comes into view. It is wielding a +0 whip of freezing.
The kobold hits you with a +0 whip.
The kobold shouts!
You hit the kobold but do no damage.
You hear an angry hiss.
The kobold hits you with a +0 dagger. The kobold hits you with a +0 whip.
You completely miss the kobold. You punch the kobold, but do no damage.
The kobold hits you with a +0 dagger. The kobold hits you but does no damage.
You closely miss the kobold. The kobold hits you but does no damage.
The kobold barely misses you.
A kobold comes into view. It is wielding a +0 short sword.
The kobold closely misses you. The kobold hits you with a +0 whip.
The kobold attacks as you move away! The kobold hits you with a +0 dagger.
The kobold shouts!
You hear an angry hiss.
You are too injured to fight recklessly!
You are too injured to fight recklessly!
The kobold attacks as you move away! The kobold hits you with a +0 whip.
The kobold attacks as you move away! The kobold hits you with a +0 whip.
You are too injured to fight recklessly!
You are too injured to fight recklessly!
You are too injured to fight recklessly!
You are too injured to fight recklessly!
You are too injured to fight recklessly!
The kobold attacks as you move away! The kobold hits you with a +0 whip.
* * * LOW HITPOINT WARNING * * *
A bat comes into view.
The kobold attacks as you move away! The kobold hits you with a +0 dagger.
* * * LOW HITPOINT WARNING * * *
Found a ring mail.
The bat hits you but does no damage.
You barely miss the bat. The bat closely misses you.
The kobold hits you but does no damage. The kobold attacks as you move away!
The kobold hits you with a +0 whip.
You die...

.............# .#
.............###.### .#
.[.........##.....# ..#
..................#....
#....†..##.....#... ###
#..#.##...........
...##..............# .
...........K.#.K...#....
.....K...###.K.K@.......
.#.......#...#.##..#....
....#...######## #.b.. .
...##...#8.8## ....# ...
#........# .....
##..#.#......# .[.#.
#...#...8..## ..#
............8# ..#
####........:<#


You could see a bat and 4 kobolds.

Vanquished Creatures
  A dart slug (D:1)
1 creature vanquished.

Notes
Turn   | Place    | Note
-------+----------+-------------------------------------------
     0 | D:1      | a11behringer the Djinni Cinder Acolyte began the quest for
                  | the Orb.
     0 | D:1      | a11behringer set off with the following spells memorised:
                  | Scorch.
     0 | D:1      | Reached XP level 1. HP: 20/20 MP: 0/0
    32 | D:1      | Slain by a kobold

Illustrated notes

Levels and vault maps discovered:
D:1:      mrwooster_arrival_statue_2, layout_rooms

Action                     || total
---------------------------++-------
  Melee: Falchion          ||     7
         Punch             ||     1
 Armour: Robe              ||     4
  Dodge: Dodged            ||     3

Table legend: (Time is in decaauts)
 A = Elapsed time spent in this place.
 B = Non-inter-level travel time spent in this place.
 C = Inter-level travel time spent in this place.
 D = Time resting spent in this place.
 E = Time spent auto-exploring this place.
 F = Levels seen in this place.
 G = Mean time per level.
                   A        B        C        D        E       F      G
               +--------+--------+--------+--------+--------+-----+--------+
         Total |     33 |     33 |      0 |      0 |      7 |   1 |   33.0 |
       Dungeon |     33 |     33 |      0 |      0 |      7 |   1 |   33.0 |
               +--------+--------+--------+--------+--------+-----+--------+

Top non-repeatable levels by time:
     D:1: 33 daAuts
